 Dungeon Crawl Stone Soup version 0.21.1-1-g345015f (webtiles) character file.

1336 aMcNicky the Fighter (level 8, 0/89 HPs)
             Began as an Ogre Fighter on Mar 12, 2018.
             Was an Initiate of Ru.
             Slain by a quasit (3 damage)
             ... on level 6 of the Dungeon.
             The game lasted 00:25:06 (8617 turns).

aMcNicky the Fighter (Ogre Fighter)                 Turns: 8617, Time: 00:25:07

Health: 0/89       AC:  5    Str: 23    XL:     8   Next: 61%
Magic:  8/8        EV:  1    Int: 14    God:    Ru [......]
Gold:   268        SH:  0    Dex: -34 (10)Spells: 7/7 levels left

rFire    . . .     SeeInvis .   d - +0 giant spiked club
rCold    . . .     Gourm    .   (shield currently unavailable)
rNeg     . . .     Faith    .   y - +2 robe {MR+}
rPois    .         Spirit   .   (helmet restricted)
rElec    .         Reflect  .   (no cloak)
rCorr    .         Harm     .   (gloves unavailable)
MR       +....                  (boots unavailable)
Stlth    ..........             A - amulet of magic regeneration
HPRegen  0.24/turn              (no ring)
MPRegen  0.36/turn              (no ring)

@: brilliant, slowed, lost dexterity, very slow
A: large, unfitting armour, antennae 1, agile 1, tough skin 1
a: Renounce Religion


You were on level 6 of the Dungeon.
You worshipped Ru.
Ru was noncommittal.
You were not hungry.

You visited 1 branch of the dungeon, and saw 6 of its levels.

You collected 268 gold pieces.

Inventory:

Hand Weapons
 a - a +0 flail
 d - a +0 giant spiked club (weapon)
Armour
 b - a +0 robe
 c - a +0 shield
 y - a +2 robe of magic resistance (worn)
 C - a +1 robe of fire resistance
Jewellery
 l - a cursed ring of teleportation
 A - an amulet of magic regeneration (around neck)
Wands
 t - a wand of digging (11)
Scrolls
 e - 4 scrolls of teleportation
 h - a scroll of amnesia {unknown}
 i - 3 scrolls of remove curse {@r2}
 n - a scroll of immolation
 o - a scroll of fear {unknown}
 q - a scroll of noise {unknown}
 r - a scroll of fog {unknown}
 w - a scroll of enchant weapon {unknown}
 z - a scroll of magic mapping {unknown}
 F - a scroll of brand weapon {unknown}
Potions
 g - a potion of haste {unknown}
 m - 2 potions of flight
 s - a potion of curing {@q1}
 u - a potion of brilliance
 v - 3 potions of lignification
 x - a potion of berserk rage {unknown}
Books
 D - a book of Misfortune

   Spells                             Type                      Level
   a - Confusing Touch                Hexes                        1
   b - Confuse                        Hexes                        3
   c - Gell's Gravitas                Translocation                3
   d - Petrify                        Transmutation/Earth          4
   e - Metabolic Englaciation         Hexes/Ice                    5
   f - Yara's Violent Unravelling     Hexes/Transmutation          5
Comestibles
 f - 6 rations


   Skills:
 + Level 8.4 Fighting
 * Level 7.5 Maces & Flails
 - Level 2.7 Dodging
 - Level 3.8 Shields


You had 7 spell levels left.
You didn't know any spells.

Dungeon Overview and Level Annotations

Branches:
Dungeon (6/15)             Temple (0/1) D:4

Altars:
Dithmenos
Hepliaklqana
Kikubaaqudgha
Nemelex Xobeh
Qazlal
Ru
Sif Muna
Trog
Yredelemnul
Zin

Annotations:
D:3 1 runed door - Crazy Yiuf?


Innate Abilities, Weirdness & Mutations

You are too large for most types of armour.
You have tough skin. (AC +1)
You have a pair of small antennae on your head.
You are agile. (Dex +2)


Message History

You closely miss the quasit.
The quasit bites you but does no damage.
The quasit claws you but does no damage. x2
The quasit bites you.
* * * LOW HITPOINT WARNING * * *
You feel clumsy. The quasit claws you.
* * * LOW HITPOINT WARNING * * *
You feel clumsy.
The quasit claws you but does no damage.
The quasit bites you.
* * * LOW HITPOINT WARNING * * *
You feel clumsy.
The quasit claws you but does no damage.
The quasit completely misses you.
You closely miss the quasit. The quasit bites you.
* * * LOW HITPOINT WARNING * * *
The quasit claws you but does no damage. x2
The quasit bites you.
You die...

######### #........
#...5.... ######## #....?...
#......# #....[...
########......######........
....#..'.%....'.@5..........
....##.#......#############.
....'..######## ....#..#
....#..# ....#..# ###
#####... ..#
###.############.########
#>.......................


You could see a quasit.

Vanquished Creatures
  Sigmund (D:5)
  A sky beast (D:6)
  An ice beast (D:5)
  2 ogres
  A bullfrog (D:5)
  A scorpion (D:6)
  A quasit (D:6)
  3 hounds
  A centaur skeleton (D:5)
  5 orc wizards
  Jessica (D:3)
  2 iguanas
  3 worker ants (D:4)
  The ghost of letownia2 the Poker, a weakling MfSk (D:3)
  A hound zombie (D:5)
  A worker ant zombie (D:2)
  Robin (D:4)
  10 adders
  A shadow imp (D:5)
  2 oozes
  3 adder skeletons
  An adder zombie (D:2)
  A dart slug (D:1)
  2 worms
  3 leopard geckos
  13 orcs
  A giant cockroach (D:2)
  13 goblins
  9 hobgoblins
  9 jackals
  A quokka (D:2)
  8 bats
  5 frilled lizards
  A giant cockroach zombie (D:2)
  2 kobolds
  2 leopard gecko skeletons
  A quokka skeleton (D:2)
  A quokka zombie (D:5)
  6 rats
  A fungus (D:3)
123 creatures vanquished.

Notes
Turn   | Place    | Note
-------+----------+-------------------------------------------
     0 | D:1      | aMcNicky the Ogre Fighter began the quest for the Orb.
     0 | D:1      | Reached XP level 1. HP: 24/24 MP: 1/1
   654 | D:1      | Reached XP level 2. HP: 29/32 MP: 2/2
  1157 | D:1      | Reached XP level 3. HP: 20/40 MP: 3/3
  1684 | D:2      | Reached XP level 4. HP: 27/49 MP: 4/4
  2054 | D:2      | Found a basalt altar of Yredelemnul.
  2055 | D:2      | Found a hazy altar of Hepliaklqana.
  2056 | D:2      | Found a deep blue altar of Sif Muna.
  2563 | D:3      | Found a sacrificial altar of Ru.
  2570 | D:3      | Became a worshipper of Ru the Awakened
  2757 | D:3      | Found a stormy altar of Qazlal.
  2845 | D:3      | Noticed letownia2's ghost (weakling MfSk)
  2852 | D:3      | Noticed Jessica
  2859 | D:3      | Killed letownia2's ghost
  2859 | D:3      | Reached skill level 5 in Fighting
  2859 | D:3      | Reached XP level 5. HP: 34/57 MP: 5/5
  2876 | D:3      | Killed Jessica
  3142 | D:3      | Found an ancient bone altar of Kikubaaqudgha.
  3360 | D:3      | Found a runed door.
  4049 | D:4      | Reached XP level 6. HP: 65/66 MP: 6/6
  4325 | D:4      | Found a staircase to the Ecumenical Temple.
  4386 | D:4      | HP: 2/67 [orc/short sword of speed (2)]
  4745 | D:4      | Reached skill level 6 in Fighting
  4892 | D:4      | Noticed Robin
  4919 | D:4      | Killed Robin
  4966 | D:4      | Reached skill level 5 in Maces & Flails
  4966 | D:4      | Reached XP level 7. HP: 61/75 MP: 7/7
  5484 | D:5      | Entered Level 5 of the Dungeon
  5781 | D:5      | Found a shadowy altar of Dithmenos.
  5809 | D:5      | Noticed Sigmund
  5821 | D:5      | Killed Sigmund
  5821 | D:5      | Reached skill level 7 in Fighting
  5940 | D:5      | Found a bloodstained altar of Trog.
  6376 | D:5      | Reached XP level 8. HP: 29/87 MP: 8/8
  7817 | D:6      | Found a sparkling altar of Nemelex Xobeh.
  7844 | D:6      | Reached skill level 8 in Fighting
  8255 | D:6      | Found a glowing silver altar of Zin.
  8571 | D:6      | Lost dexterity.
  8610 | D:6      | Gained mutation: You are agile. (Dex +2) [potion of mutation]
  8610 | D:6      | Gained mutation: You have a pair of small antennae on your head. [potion of mutation]
  8617 | D:6      | HP: 3/89 [quasit (3)]
  8617 | D:6      | Slain by a quasit

Skill      XL: |  1  2  3  4  5  6  7  8 |
---------------+-------------------------+-----
Maces & Flails | 2 3 4 5 6 7 |  7.5
Shields        | 3 |  3.8
Fighting       | 5 6 7 8 |  8.4
Dodging        | |  2.7

Action                   |  1- 3 |  4- 6 |  7- 9 || total
-------------------------+-------+-------+-------++-------
Melee: Flail             |   103 |   175 |       ||   278
       Giant spiked club |       |    72 |   246 ||   318
Invok: Reject Sacrifices |       |       |     1 ||     1
  Use: Scroll            |       |     5 |     6 ||    11
       Potion            |       |     1 |     5 ||     6
 Stab: Distracted        |       |     1 |       ||     1
  Eat: Chunk             |     3 |     5 |     4 ||    12
       Ration            |       |     2 |     2 ||     4
Armor: Robe              |    26 |    44 |   372 ||   442
Dodge: Dodged            |    39 |   125 |   213 ||   377
Block: Shield            |    60 |    75 |       ||   135
